 Dungeon Crawl Stone Soup version 0.27-a0-1217-g8a41f320e8 (webtiles) character file.

Game seed: 14054739006604937341

506 polve the Skirmisher (level 6, -4/52 HPs)
             Began as a Demonspawn Abyssal Knight on June 5, 2021.
             Was a Believer of Lugonu.
             Slain by a mummy (10 damage)
             ... in an ossuary.
             The game lasted 00:05:50 (4886 turns).

polve the Skirmisher (Demonspawn Abyssal Knight)    Turns: 4886, Time: 00:05:51

Health: -4/52      AC: 11    Str: 14    XL:     6   Next: 97%
Magic:  7/7        EV:  3    Int: 14    God:    Lugonu [**....]
Gold:   97         SH:  4    Dex: 16    Spells: 5/5 levels left

rFire    . . .     SeeInvis .   a - +1 short sword
rCold    + . .     Faith    .   t - +0 buckler
rNeg     . . .     Spirit   .   m - +0 plate armour
rPois    .         Reflect  .   (helmet restricted)
rElec    .         Harm     .   (no cloak)
rCorr    .         Rampage  .   (no gloves)
Will     .....                  p - +0 pair of boots
Stlth    ..........             (no amulet)
HPRegen  0.17/turn              h - ring of protection from cold
MPRegen  0.10/turn              (no ring)

@: attractive, studying Shields
A: horns 1, thin skeletal structure 2, powered by death 2
a: Renounce Religion, Depart the Abyss, Bend Space


You were in an ossuary.
You worshipped Lugonu.
Lugonu was pleased with you.
You visited 1 branch of the dungeon, and saw 4 of its levels.
You visited the Abyss 1 time.
You also visited: Ossuary.

You collected 97 gold pieces.

Inventory:

Hand Weapons
 a - a +1 short sword (weapon)
 b - a +2 dagger of venom
Armour
 c - a +0 scale mail
 j - a +0 leather armour
 m - a +0 plate armour (worn)
 p - a +0 pair of boots (worn)
 t - a +0 buckler (worn)
Jewellery
 h - a ring of protection from cold (left hand)
Scrolls
 d - a scroll of magic mapping {unknown}
 e - a scroll of teleportation {unknown}
 g - a scroll of fog {unknown}
 i - 3 scrolls of identify {unknown}
 k - a scroll of noise {unknown}
 n - a scroll of immolation {unknown}
 q - a scroll of enchant weapon {unknown}
 r - a scroll of blinking {unknown}
Potions
 f - a potion of resistance


   Skills:
 - Level 6.0 Fighting
 - Level 4.0 Short Blades
 - Level 1.7 Armour
 - Level 0.8 Dodging
 + Level 2.5 Stealth
 + Level 1.8 Shields
 - Level 2.4 Invocations


You had 5 spell levels left.
You didn't know any spells.
Your spell library was empty.

Dungeon Overview and Level Annotations

Branches:
Dungeon (4/15)            Ossuary (1/1)
 Temple: D:4-7

Altars:
Vehumet


Innate Abilities, Weirdness & Mutations

You have a pair of small horns on your head.
You have a moderately thin skeletal structure. (Dex +4, Stealth++)
You regenerate health from kills.


Message History

There is an empty arch of ancient stone here.
The wyvern zombie bites you but does no damage.
You bump into the metal wall.
You feel less invigorated.
You feel less confused. The wyvern zombie bites you!
The wyvern zombie bites you.
You hit the wyvern zombie but do no damage.
You headbutt the wyvern zombie.
The wyvern zombie is moderately damaged.
The mummy hits you.
The wyvern zombie bites you but does no damage.
It was a potion of curing.
You feel better.
The wyvern zombie bites you but does no damage.
The mummy hits you but does no damage.
You hit the wyvern zombie but do no damage.
The wyvern zombie is moderately damaged.
You block the wyvern zombie's attack.
The wyvern zombie bites you but does no damage.
You hit the wyvern zombie.
The wyvern zombie is moderately damaged.
The wyvern zombie bites you but does no damage.
The mummy hits you but does no damage.
It was a potion of attraction.
You feel attractive to monsters.
A killer bee zombie comes into view.
The wyvern zombie bites you but does no damage.
You barely miss the wyvern zombie.
The wyvern zombie is moderately damaged.
The wyvern zombie bites you! The mummy hits you. The wyvern zombie bites you!
You hit the wyvern zombie but do no damage.
The wyvern zombie is moderately damaged.
The wyvern zombie bites you! The mummy hits you but does no damage.
You hit the wyvern zombie.
The wyvern zombie is heavily damaged.
You block the wyvern zombie's attack.
You hit the wyvern zombie.
The wyvern zombie is heavily damaged.
The wyvern zombie bites you!
* * * LOW HITPOINT WARNING * * *
The mummy hits you!
You die...

.≈ ≈. ..
#M +.
###.#####
#.'Z#..∩#
#MMZ∩.#
#.'.#@..#
###.#####
+. #+


You could see 2 mummies, a wyvern zombie and a killer bee zombie.

Vanquished Creatures
  Duvessa (D:3)
  An ogre (D:4)
  A phantom (D:3)
  Dowan (D:3)
  A hound (D:4)
  3 gnolls (D:3)
  5 adders
  3 worms (D:2)
  2 dart slugs (D:2)
  6 orcs
  7 bats
  6 endoplasms
  A giant cockroach (D:3)
  5 hobgoblins
  4 jackals (D:2)
  7 kobolds
  2 quokkas (D:2)
  8 ball pythons
  3 frilled lizards
  5 goblins
  5 rats
77 creatures vanquished.

Vanquished Creatures (others)
  A withered plant (Ossuary)
1 creature vanquished.

Grand Total: 78 creatures vanquished

Notes
Turn   | Place    | Note
-------+----------+-------------------------------------------
     0 | Abyss:1  | polve the Demonspawn Abyssal Knight began the quest for the
                  | Orb.
     0 | Abyss:1  | Reached XP level 1. HP: 18/18 MP: 2/2
    95 | Abyss:1  | Noticed a spatial vortex
   101 | Abyss:1  | Noticed a spatial vortex
   105 | Abyss:1  | Noticed a spatial maelstrom
   112 | Abyss:1  | Noticed a spatial vortex
   129 | Abyss:1  | Noticed a worldbinder
   154 | Abyss:1  | Noticed a smoke demon
   155 | D:1      | Escaped the Abyss
   156 | D:1      | Identified a scroll of acquirement
   156 | D:1      | Acquired a manual of Shields
   527 | D:1      | Gained mutation: You regenerate a little health from kills.
                  | [demonic ancestry]
   527 | D:1      | Reached XP level 2. HP: 14/24 MP: 3/3
  1614 | D:2      | Reached * piety under Lugonu
  1953 | D:2      | Gained mutation: You have a somewhat thin skeletal
                  | structure. (Dex +2, Stealth+) [demonic ancestry]
  1953 | D:2      | Reached XP level 3. HP: 23/29 MP: 4/4
  2399 | D:2      | Gained mutation: You have a moderately thin skeletal
                  | structure. (Dex +4, Stealth++) [demonic ancestry]
  2399 | D:2      | Reached XP level 4. HP: 35/35 MP: 5/5
  2882 | D:3      | Found a radiant altar of Vehumet.
  3227 | D:3      | Reached ** piety under Lugonu
  3244 | D:3      | Reached skill level 4 in Fighting
  3364 | D:3      | Gained mutation: You have a pair of small horns on your
                  | head. [demonic ancestry]
  3364 | D:3      | Reached XP level 5. HP: 35/42 MP: 6/6
  3504 | D:3      | Noticed a phantom
  3738 | D:3      | Killed a phantom
  3739 | D:3      | Reached skill level 5 in Fighting
  4192 | D:4      | Noticed Duvessa
  4192 | D:4      | Noticed Dowan
  4240 | D:4      | Noticed an ogre
  4383 | D:3      | Killed Duvessa
  4384 | D:3      | Gained mutation: You regenerate health from kills. [demonic
                  | ancestry]
  4384 | D:3      | Reached XP level 6. HP: 27/52 MP: 7/7
  4389 | D:3      | HP: 1/52 [Dowan/+0 dagger (4)]
  4399 | D:3      | Killed Dowan
  4400 | D:3      | Reached skill level 6 in Fighting
  4400 | D:3      | Reached skill level 1 in Stealth
  4841 | D:4      | Reached skill level 1 in Shields
  4858 | D:4      | Found a sand-covered staircase.
  4863 | Ossuary  | Entered an ossuary
  4886 | Ossuary  | Slain by a mummy

Illustrated notes

Levels and vault maps discovered:
D:1:      doesnt_arrival_eight_statues, layout_loops_cross, serial_bayou,
          serial_bayou_pond_e, serial_bayou_shore_b, serial_bayou_shore_b
D:2:      layout_basic, minmay_misc_feat_chi
D:3:      layout_loops_ring, nicolae_overflow_crystal_walls
D:4:      layout_rooms, nicolae_ossuary_entry_false_entrances, uniq_menkaure,
          uniq_duvessa, uniq_grinder
Ossuary:  ossuary_zaba_flooded

Skill      XL: |  1  2  3  4  5  6 |
---------------+-------------------+-----
Short Blades   | 2 3 4 |  4.0
Fighting       | 4 5 6 |  6.0
Stealth        | 2 |  2.5
Shields        | 1 |  1.8
Armour         | |  1.7
Dodging        | |  0.8
Invocations    | |  2.4

Action                   |  1- 3 |  4- 6 || total
-------------------------+-------+-------++-------
Melee: Short sword       |    43 |    53 ||    96
       Dagger            |    77 |   134 ||   211
       Headbutt          |       |    19 ||    19
Invok: Depart the Abyss  |     1 |       ||     1
  Use: Scroll            |     1 |       ||     1
       Potion            |       |     5 ||     5
 Stab: Sleeping          |     2 |     5 ||     7
Armor: Leather armour    |    22 |     7 ||    29
       Plate armour      |     1 |    90 ||    91
Dodge: Dodged            |    54 |    56 ||   110
Block: Buckler           |       |     3 ||     3

Table legend: (Time is in decaauts)
 A = Elapsed time spent in this place.
 B = Non-inter-level travel time spent in this place.
 C = Inter-level travel time spent in this place.
 D = Time resting spent in this place.
 E = Time spent auto-exploring this place.
 F = Levels seen in this place.
 G = Mean time per level.
                   A        B        C        D        E       F      G
               +--------+--------+--------+--------+--------+-----+--------+
         Total |   4847 |   4736 |    111 |      0 |   3939 |   6 |  807.8 |
       Dungeon |   4670 |   4559 |    111 |      0 |   3813 |   4 | 1167.5 |
         Abyss |    155 |    155 |      0 |      0 |    124 |   1 |  155.0 |
       Ossuary |     22 |     22 |      0 |      0 |      2 |   1 |   22.0 |
               +--------+--------+--------+--------+--------+-----+--------+

Top non-repeatable levels by time:
     D:2: 1464 daAuts
     D:1: 1456 daAuts
     D:3: 1338 daAuts
     D:4: 411 daAuts
 Abyss:1: 155 daAuts
 Ossuary: 22 daAuts
